 Dungeon Crawl Stone Soup version 0.30-a0-953-g5f1da4a474 (webtiles) character file.

Game seed: 11909619948774124752

5529 NinjaNoafa the Summoner (level 10, -5/42 HPs)
             Began as a Felid Summoner on Mar 28, 2023.
             Was an Initiate of Gozag.
             Killed by divine providence
             ... invoked by a meliai
              (14 damage)
             ... on level 11 of the Dungeon.
             The game lasted 00:23:16 (10815 turns).

NinjaNoafa the Summoner (Felid Summoner)           Turns: 10815, Time: 00:23:16

Health: -5/42      AC:  2    Str:  4    XL:     10   Next: 43%
Magic:  15/25      EV: 20    Int: 21    God:    Gozag
Gold:   138        SH:  0    Dex: 17    Spells: 16/29 levels left
                                        Lives:  0   Deaths: 2

rFire   . . .      SeeInvis +    (weapon unavailable)
rCold   . . .      Faith    .    (shield unavailable)
rNeg    . . .      Spirit   .    (body armour unavailable)
rPois   +          Reflect  .    (helmet unavailable)
rElec   .          Rampage  .    (cloak unavailable)
rCorr   .                        (gloves unavailable)
Will    +....                    (boots unavailable)
Stlth   ++                       (no amulet)
HPRegen 0.27/turn                w - ring of wizardry
MPRegen 0.19/turn                y - ring of poison resistance

@: gold aura, quick
A: very small, claws 1, fangs 3, see invisible, speed 1, shaggy fur 2, stealthy
paws, no weapons or thrown items, no armour, multi-lived
a: Renounce Religion, Potion Petition, Call Merchant, Bribe Branch


You were on level 11 of the Dungeon.
You worshipped Gozag.
Gozag was aware of your devotion.
You visited 2 branches of the dungeon, and saw 12 of its levels.

You collected 907 gold pieces.
You spent 642 gold pieces at shops.
You paid 127 gold pieces to Gozag.

Inventory:

Jewellery
 w - a ring of wizardry (left paw)
 y - a ring of poison resistance (right paw)
Wands
 s - a wand of flame (63)
 u - a wand of mindburst (16)
 F - a wand of paralysis (6)
 G - a wand of acid (7)
Scrolls
 b - a scroll of silence {unknown}
 f - a scroll of vulnerability
 i - 2 scrolls of magic mapping
 j - a scroll of fear
 l - 6 scrolls of teleportation
 n - a scroll of enchant weapon {unknown}
 p - a scroll of butterflies {unknown}
 t - 6 scrolls of fog
 x - a scroll of amnesia {unknown}
 A - 3 scrolls of immolation
 B - a scroll of acquirement {unknown}
 C - a scroll of blinking
 E - 2 scrolls of poison
Potions
 a - 2 potions of magic
 c - 3 potions of flight
 d - 4 potions of curing
 g - 2 potions of resistance
 m - a potion of lignification
 o - a potion of might
 q - a potion of mutation
 r - 2 potions of haste
 v - 3 potions of heal wounds
 z - 2 potions of brilliance


   Skills:
 + Level 3.8 Fighting
 + Level 5.9 Dodging
 - Level 2.6 Stealth
 - Level 10.0 Spellcasting
 - Level 5.0 Hexes
 - Level 10.0 Summonings
 - Level 7.0 Air Magic
 + Level 3.2 Evocations


You had 16 spell levels left.
You knew the following spells:

 Your Spells              Type           Power      Damage    Failure   Level
a - Summon Small Mammal   Summ           100%       N/A       1%          1
b - Call Imp              Summ           51%        N/A       1%          2
c - Call Canine Familiar  Summ           51%        N/A       1%          3
d - Summon Guardian Gole  Hex/Summ       42%        N/A       1%          3
e - Summon Lightning Spi  Summ/Air       46%        N/A       1%          4

Your spell library contained the following spells:

 Spells                   Type           Power      Damage    Failure   Level
 Magic Dart               Conj           40%        1d5       2%          1
 Searing Ray              Conj           20%        2d5       4%          2
 Ozocubu's Armour         Ice            10%        N/A       8%          3
 Stone Arrow              Conj/Erth      20%        3d8       8%          3
 Fulminant Prism          Conj/Hex       10%        3d8       9%          4
 Borgnjor's Vile Clutch   Necr/Erth      5%         N/A       54%         5
 Conjure Ball Lightning   Conj/Air       12%        3x3d6     65%         6
 Death Channel            Necr           5%         N/A       98%         6
 Ozocubu's Refrigeration  Ice            5%         4d8       100%        7
 Discord                  Hex            15%        N/A       100%        8
 Disjunction              Tloc           5%         N/A       100%        8
 Lehudib's Crystal Spear  Conj/Erth      5%         10d3      100%        8
 Animate Armour           Summ/Erth      Unusable   N/A       N/A         4
 Animate Dead             Necr           Unusable   N/A       N/A         4

Dungeon Overview and Level Annotations

Branches:
Dungeon (11/15)            Temple (1/1) D:6            Lair (0/5) D:8
    Orc: D:9-12

Altars:
Ashenzari
Cheibriados
Dithmenos
Elyvilon
Fedhas
Gozag
Hepliaklqana
Kikubaaqudgha
Makhleb
Nemelex Xobeh
Okawaru
Qazlal
Ru
Sif Muna
Trog
Uskayaw
Vehumet
Wu Jian
Xom
Yredelemnul
Zin
The Shining One

Shops:
D:6 :*   D:9 [   D:10 !![(?

Annotations:
D:10 1 runed translucent door


Innate Abilities, Weirdness & Mutations

You have sharp claws.
You have razor-sharp teeth.
You have supernaturally acute eyesight. (SInv)
You cover ground quickly. (Speed+)
You are covered in thick fur. (AC +2)
Your paws help you pounce on unaware monsters.
You are incapable of wielding weapons or throwing items.
You cannot wear armour.
You gain extra lives every three experience levels.


Message History

An orc comes into view. It is wielding a +0 hand axe.
The kobold demonologist gestures wildly while chanting.
Send 'em back where they came from!
Your lightning spire shudders.
Your wolf shudders.
The killer bee stings your lightning spire but does no damage.
Your lightning spire disappears in a puff of smoke!
Your wolf bites the killer bee.
An orc comes into view. It is wielding a +0 flail.
The kobold demonologist is distracted by your dazzling golden aura.
The kobold demonologist looks satisfied for a moment.
The killer bee stings your wolf.
A kobold demonologist comes into view. It is wielding a +0 dagger.
The kobold demonologist shouts!
You hear a shout!
Your wolf barely misses the killer bee.
The killer bee stings your wolf.
The orc is distracted by your dazzling golden aura.
The kobold demonologist gestures wildly while chanting.
Your wolf closely misses the killer bee.
Unknown command.
Casting: Call Canine Familiar (safe; 1% risk of failure)
Confirm with . or Enter, or press ? or * to list all spells.
An electric hum fills the air.
The orc shouts!
The killer bee stings your wolf!
Your wolf bites the killer bee but does no damage.
The killer bee misses your wolf.
The white imp lashes its tail.
The white imp gestures at you. The puff of frost hits you!
The orc warrior hits you with a +0 battleaxe!
* * * LOW HITPOINT WARNING * * *
The orc warrior misses your wolf.
As you read the scroll of magic mapping, it crumbles to dust.
You feel aware of your surroundings.
The kobold demonologist is no longer distracted by gold.
Your wolf misses the killer bee. The killer bee barely misses your wolf.
A killer bee comes into view.
The meliai calls down the wrath of its god upon you.
Something smites you!
You die...
Your body crumbles into a pile of gold.

,,,,*,,,.....,..####..##.....##..
,,,,*,,,.....,.......y.......##..
,,,,*,,,......,,#.....##.....##..
,,,*,,,,..o...**#.○...##(....####
,,,*,,,,o.....###.°...().........
,,,*,,,,,,..o.....○....#.########
,,,,,,,,*,,,#...8.y....#.........
,,,,,,,,*...#...hy.....#.........
,,,,,,,,.......o@......#.........
,,,,,,*,............##...........
,,,,,,,,............5............
*,*****,...........5...#.......##
*,,,,,,,.).......................
,,,,*,,,........K###K..#.......##
,,,,,,,,..........,.K....#####*##
,,,,*,,,,........5,......,,,,$,..
,,,,****,,,,....,**#K###..,,,,,..


You could see 3 kobold demonologists, an orc warrior, a meliai, 2 killer bees, a
crimson imp (summoned), a white imp (summoned), a shadow imp (summoned,
wandering), 2 orcs, a friendly wolf (summoned) and a friendly lightning spire
(summoned).

Vanquished Creatures
  An orc (D:6)
  A hobgoblin (D:1)
  2 rats (D:3)
4 creatures vanquished.

Vanquished Creatures (collateral kills)
  Harold (D:10)
  A two-headed ogre (D:8)
  Joseph (D:10)
  A kobold demonologist (D:11)
  A hornet (D:9)
  Grinder (D:6)
  Sigmund (D:3)
  3 shadows (D:11)
  3 wyverns
  6 yaks
  An orc warrior (D:9)
  A sky beast (D:7)
  2 ogres (D:7)
  4 centaurs
  3 kobold brigands
  3 bullfrogs
  2 scorpions
  9 wights
  8 killer bees (D:9)
  3 howler monkeys (D:9)
  5 jellies
  2 gnoll boudas (D:8)
  3 hounds
  4 orc priests
  2 sleepcaps (D:6)
  An iguana (D:6)
  10 orc wizards
  10 gnolls
  5 adders
  A shadow imp (D:7)
  3 ufetubi
  2 worms (D:2)
  3 dart slugs
  27 orcs
  6 ball pythons
  5 endoplasms
  4 giant cockroaches
  6 goblins
  5 hobgoblins
  5 jackals
  14 kobolds
  2 quokkas (D:2)
  6 bats
  3 frilled lizards (D:2)
  11 rats
200 creatures vanquished.

Vanquished Creatures (others)
  A two-headed ogre (D:11)
  5 yaks
  Edmund (D:6)
  2 acid dragons (D:11)
  An orc warrior (D:8)
  An ice beast (D:5)
  An ogre (D:6)
  2 iguanas
  18 fungi (D:8)
  19 plants (D:8)
51 creatures vanquished.

Grand Total: 255 creatures vanquished

Notes
Turn   | Place    | Note
-------+----------+-------------------------------------------
     0 | D:1      | NinjaNoafa the Felid Summoner began the quest for the Orb.
     0 | D:1      | Reached XP level 1. HP: 7/7 MP: 4/4
   301 | D:1      | Reached XP level 2. HP: 11/11 MP: 3/6
   383 | D:1      | Learned a level 2 spell: Call Imp
   697 | D:1      | Reached XP level 3. HP: 6/14 MP: 2/8
   701 | D:1      | Learned a level 3 spell: Call Canine Familiar
   722 | D:1      | Found a faded altar of an unknown god.
  1331 | D:2      | Reached XP level 4. HP: 18/18 MP: 4/9
  1656 | D:3      | Reached skill level 5 in Summonings
  1689 | D:3      | Reached skill level 1 in Hexes
  2002 | D:3      | Learned a level 3 spell: Summon Guardian Golem
  2158 | D:3      | Reached XP level 5. HP: 13/21 MP: 2/11
  2287 | D:3      | Noticed Sigmund
  2396 | D:3      | Killed Sigmund
  2397 | D:3      | Gained mutation: You are covered in thick fur. (AC +2)
                  | [Felid growth]
  2397 | D:3      | Reached XP level 6. HP: 18/24 MP: 1/13
  3294 | D:5      | Entered Level 5 of the Dungeon
  3407 | D:5      | Noticed an ice beast
  3427 | D:5      | Killed an ice beast
  3428 | D:5      | Reached XP level 7. HP: 27/27 MP: 12/14
  3578 | D:5      | Reached skill level 5 in Hexes
  3969 | D:5      | Reached skill level 5 in Spellcasting
  4555 | D:6      | Found Zeucump's Assorted Antiques.
  4572 | D:6      | Found a staircase to the Ecumenical Temple.
  4717 | Temple   | Entered the Ecumenical Temple
  5252 | D:6      | Noticed Grinder
  5259 | D:6      | Paralysed by Grinder for 2 turns
  5281 | D:6      | Killed Grinder
  5282 | D:6      | Reached XP level 8. HP: 31/31 MP: 10/17
  5322 | D:6      | Noticed Edmund
  5402 | D:6      | Killed Edmund
  5625 | D:6      | Found Pustrabu's Vocational Training.
  6001 | D:6      | Bought a scroll labelled VAVAMA ONTATZ for 31 gold pieces
  6001 | D:6      | Bought a scroll labelled VAVAMA ONTATZ for 31 gold pieces
  6001 | D:6      | Bought a scroll labelled XAREOLY INTUE for 31 gold pieces
  6001 | D:6      | Bought a scroll labelled XAREOLY INTUE for 31 gold pieces
  6546 | D:7      | Learned a level 4 spell: Summon Lightning Spire
  6757 | D:7      | Identified the orb of Nice {*Rage, Drain rF+ Dex+2}
  6912 | D:8      | Reached skill level 1 in Air Magic
  7135 | D:8      | Reached XP level 9. HP: 34/34 MP: 7/21
  7187 | D:8      | Noticed a two-headed ogre
  7227 | D:8      | Killed a two-headed ogre
  7380 | D:8      | Found a staircase to the Lair.
  7729 | D:8      | Found a large runed translucent door.
  7732 | D:8      | Found a large runed translucent door.
  7973 | D:8      | Reached skill level 10 in Summonings
  7988 | D:8      | Reached XP level 10. HP: 31/36 MP: 18/23
  8215 | D:8      | Shot with an arrow by a centaur
  8216 | D:8      | Reached XP level 9. HP: -6/29 MP: 17/22
  8286 | D:8      | Reached skill level 5 in Air Magic
  8512 | D:8      | Found a hide-covered altar of Uskayaw.
  8524 | D:8      | Found an opulent altar of Gozag.
  8538 | D:8      | Became a worshipper of Gozag Ym Sagoz the Greedy
  8795 | D:9      | HP: 1/34 [centaur/arrow (3)]
  8802 | D:9      | Shot with an arrow by a centaur
  8803 | D:9      | Reached XP level 8. HP: -10/31 MP: 15/22
  8803 | D:9      | Found Inlengat's Antique Armour Boutique.
  8838 | D:9      | Reached XP level 9. HP: 34/34 MP: 18/23
  8950 | D:10     | Entered Level 10 of the Dungeon
  8998 | D:10     | Found Jilyhal's Magic Scroll Shop.
  9006 | D:10     | Bought a scroll of fog for 52 gold pieces
  9006 | D:10     | Bought a scroll of blinking for 97 gold pieces
  9006 | D:10     | Bought a scroll of fog for 52 gold pieces
  9006 | D:10     | Bought a scroll of immolation for 52 gold pieces
  9006 | D:10     | Bought a scroll of identify for 26 gold pieces
  9006 | D:10     | Bought a scroll of poison for 52 gold pieces
  9006 | D:10     | Bought a scroll of identify for 26 gold pieces
  9006 | D:10     | Bought a scroll of teleportation for 39 gold pieces
  9060 | D:10     | Found Ziyce's Weapon Shoppe.
  9074 | D:10     | Found Inisch Nuixu's Distillery.
  9082 | D:10     | Bought a potion of heal wounds for 60 gold pieces
  9110 | D:10     | Found a runed translucent door.
  9110 | D:10     | Noticed a sixfirhy
  9425 | D:10     | Noticed Joseph
  9466 | D:10     | Killed Joseph
  9640 | D:10     | Noticed Harold
  9647 | D:10     | Killed Harold
  9648 | D:10     | Reached skill level 10 in Spellcasting
  9690 | D:10     | Found Oginop's Armour Boutique.
  9985 | D:10     | Found Zezicsir's Distillery.
  9990 | D:10     | Bought a potion of degeneration for 14 gold pieces
 10213 | D:11     | Reached skill level 1 in Evocations
 10273 | D:11     | Noticed a two-headed ogre
 10284 | D:11     | Noticed a kobold demonologist
 10299 | D:11     | Killed a two-headed ogre
 10300 | D:11     | Reached skill level 5 in Dodging
 10300 | D:11     | Reached XP level 10. HP: 42/42 MP: 16/25
 10486 | D:10     | Bought a potion of brilliance for 48 gold pieces
 10815 | D:11     | Killed from afar by a meliai

Illustrated notes

Levels and vault maps discovered:
D:1:      dpeg_arrival_rooms_a, layout_basic,
          hellmonk_ecumenical_altar_inner_sanctum
D:2:      layout_rooms
D:3:      layout_loops_ring, uniq_sigmund
D:4:      layout_cave_pods
D:5:      layout_loops_ring, grunt_decor_mini_mirrors, minmay_misc_feat_five
D:6:      layout_gridville, temple_statues, serial_shops,
          nicolae_inconvenience_store, nicolae_shop_vocational, uniq_edmund,
          uniq_grinder
D:7:      layout_gridville, serial_park_tiny_2, serial_park_tiny_1
D:8:      layout_layer_cave, jmf_multi_god_temple2,
          grunt_lair_entry_orc_guard_hut, nicolae_two_hexagons
D:9:      layout_cross, serial_shops, shop
D:10:     cheibrodos_shockbox, layout_basic, serial_shops, shop,
          kennysheep_little_box, shop, shop, nicolae_diamond_shop, uniq_joseph,
          uniq_harold
D:11:     regret_index_combs_of_tragedy, layout_basic
Temple:   mainiacjoe_temple_big_plus

Skill      XL: |  1  2  3  4  5  6  7  8  9 10 |
---------------+-------------------------------+-----
Spellcasting   | 3 4 5 7 10 | 10.0
Summonings     | 5 6 7 8 10 | 10.0
Hexes          | 2 3 4 5 |  5.0
Air Magic      | 2 7 |  7.0
Fighting       | 3 |  3.8
Dodging        | 5 |  5.9
Evocations     | 2 3 |  3.2
Stealth        | |  2.6

Action                     |  1- 3 |  4- 6 |  7- 9 | 10-12 || total
---------------------------+-------+-------+-------+-------++-------
  Melee: Unarmed           |     2 |     3 |     6 |       ||    11
         Bite              |     1 |       |       |       ||     1
   Cast: Summon Small Mamm |    35 |    22 |    38 |       ||    95
         Call Imp          |    14 |    15 |    20 |       ||    49
         Call Canine Famil |     5 |    21 |    40 |     2 ||    68
         Summon Guardian G |       |     6 |    24 |     3 ||    33
         Summon Lightning  |       |       |    41 |     8 ||    49
    Use: Scroll            |       |       |    13 |     1 ||    14
 Armour: Skin              |     2 |     1 |     4 |     1 ||     8
  Dodge: Dodged            |    48 |    53 |    88 |     9 ||   198

Table legend: (Time is in decaauts)
 A = Elapsed time spent in this place.
 B = Non-inter-level travel time spent in this place.
 C = Inter-level travel time spent in this place.
 D = Time resting spent in this place.
 E = Time spent auto-exploring this place.
 F = Levels seen in this place.
 G = Mean time per level.
                   A        B        C        D        E       F      G
               +--------+--------+--------+--------+--------+-----+--------+
         Total |   9041 |   8589 |    452 |     83 |   5720 |  12 |  753.4 |
       Dungeon |   8703 |   8272 |    431 |     83 |   5409 |  11 |  791.2 |
        Temple |    337 |    316 |     21 |      0 |    310 |   1 |  337.0 |
               +--------+--------+--------+--------+--------+-----+--------+

Top non-repeatable levels by time:
     D:8: 1335 daAuts
     D:6: 1076 daAuts
    D:10: 1042 daAuts
     D:5: 874 daAuts
     D:3: 830 daAuts
     D:1: 785 daAuts
     D:7: 758 daAuts
     D:4: 673 daAuts
    D:11: 511 daAuts
     D:2: 484 daAuts
  Temple: 337 daAuts
     D:9: 333 daAuts
